| TOP OF THE 1ST |
|
St. Cloud Rox batting - Pitching for Aberdeen Pheasants : RHP Josh Seymour
|
|
Pitching: RHP Josh Seymour
|
|
|
Batting: LHB Doran Perdue
|
0-0: Ball 1-0: Ball 2-0: Ball 3-0: Base on Balls
|
|
Batting: RHB Rich Velasquez
|
0-0: Ball 1-0: Ball 2-0: Foul Ball, location: 2F 2-1: Called Strike 2-2: Strikes out swinging
|
|
Batting: SHB R J Reynolds
|
0-0: Called Strike 0-1: Ball Doran Perdue steals 2nd base 1-1: Foul Ball, location: 2F 1-2: Ball 2-2: Ball 3-2: Ground out 4-3 (Groundball, 4S, EV 63.8 MPH) Doran Perdue to third
|
|
Batting: LHB Tim Flannery
|
0-0: Ball 1-0: Foul Ball, location: 2F 1-1: Ground out 4-3 (Groundball, 4, EV 106.3 MPH)
|
| Top of the 1st over - 0 runs, 0 hits, 0 errors, 1 left on base; St. Cloud 0 - Aberdeen 0 |
| BOTTOM OF THE 1ST |
|
Aberdeen Pheasants batting - Pitching for St. Cloud Rox : RHP Lawrence Crews
|
|
Pitching: RHP Lawrence Crews
|
|
|
Batting: LHB Bob Porter
|
0-0: Called Strike 0-1: Foul Ball, location: 2F 0-2: Ball 1-2: Foul Ball, location: 2F 1-2: Ground out 3-1 (Groundball, 34, EV 81.9 MPH)
|
|
Batting: RHB Greg Howe
|
0-0: Ball 1-0: Foul Ball, location: 2F 1-1: Ground out 6-3 (Groundball, 6MD, EV 99.4 MPH)
|
|
Batting: LHB Robert McNair
|
0-0: Ball 1-0: Ball 2-0: Ball 3-0: Base on Balls
|
|
Batting: LHB Rick Leach
|
0-0: Ball 1-0: DOUBLE (Line Drive, 7LS, EV 106.9 MPH) Robert McNair to third Runner from 3rd tries for Home, SAFE, throw by LF to home
|
|
Batting: RHB Harry McCulla
|
0-0: Ball 1-0: Ball 2-0: Ball 3-0: Called Strike 3-1: Foul Ball, location: 2F 3-2: Foul Ball, location: 2F 3-2: Fly out, F9 (Flyball, 89S, EV 95.6 MPH)
|
| Bottom of the 1st over - 1 run, 1 hit, 0 errors, 1 left on base; St. Cloud 0 - Aberdeen 1 |
| TOP OF THE 2ND |
|
St. Cloud Rox batting - Pitching for Aberdeen Pheasants : RHP Josh Seymour
|
|
Batting: LHB Curtis Morgan
|
0-0: Called Strike 0-1: Called Strike 0-2: Foul Ball, location: 2F 0-2: Ball 1-2: Foul Ball, location: 2F 1-2: Ball 2-2: Ball 3-2: Ground out 6-3 (Groundball, P, EV 91.3 MPH)
|
|
Batting: RHB Ron Gooch
|
0-0: Ball 1-0: Ground out 6-3 (Groundball, 6, EV 97.5 MPH)
|
|
Batting: RHB Dennis Sherrill
|
0-0: Swinging Strike 0-1: Ground out 5-3 (Groundball, 56, EV 86.9 MPH)
|
| Top of the 2nd over - 0 runs, 0 hits, 0 errors, 0 left on base; St. Cloud 0 - Aberdeen 1 |
| BOTTOM OF THE 2ND |
|
Aberdeen Pheasants batting - Pitching for St. Cloud Rox : RHP Lawrence Crews
|
|
Batting: RHB Pedro Chavez
|
0-0: Foul Ball, location: 2F 0-1: Swinging Strike 0-2: SINGLE (Groundball, 6S, EV 75.0 MPH) (infield hit)
|
|
Batting: RHB Alejandro Luna
|
0-0: Called Strike 0-1: Foul Ball, location: 2F 0-2: Ball 1-2: Strikes out swinging
|
|
Batting: RHB Armando Ramirez
|
0-0: Called Strike 0-1: Foul Ball, location: 2F 0-2: Ball 1-2: Ball 2-2: Strikes out swinging
|
|
Batting: RHB Diego Martinez
|
0-0: Called Strike 0-1: Reached on error, E5 (Groundball, 56S, EV 81.9 MPH) Pedro Chavez to second
|
|
Batting: LHB Bob Porter
|
0-0: Ball 1-0: Ball 2-0: Ball 3-0: Called Strike 3-1: Ground out 4-3 (Groundball, 4, EV 86.3 MPH)
|
| Bottom of the 2nd over - 0 runs, 1 hit, 1 error, 2 left on base; St. Cloud 0 - Aberdeen 1 |
| TOP OF THE 3RD |
|
St. Cloud Rox batting - Pitching for Aberdeen Pheasants : RHP Josh Seymour
|
|
Batting: SHB Manny Galvez
|
0-0: Called Strike 0-1: DOUBLE (Line Drive, 9LM, EV 103.8 MPH)
|
|
Batting: RHB Butch Benton
|
0-0: Called Strike 0-1: Called Strike 0-2: Ball 1-2: Foul Ball, location: 2F 1-2: Strikes out looking
|
|
Batting: LHB Doran Perdue
|
0-0: Ball 1-0: Called Strike 1-1: Foul Ball, location: 2F 1-2: SINGLE (Groundball, 5D, EV 106.3 MPH) Manny Galvez to third Runner from 3rd tries for Home, SAFE, throw by LF to home
|
|
Batting: RHB Rich Velasquez
|
0-0: Ball Doran Perdue is caught stealing 2nd base 2-4 1-0: Swinging Strike 1-1: Foul Ball, location: 2F 1-2: Ball 2-2: Foul Ball, location: 2F 2-2: Ball 3-2: Foul Ball, location: 2F 3-2: Foul Ball, location: 2F 3-2: Ground out 6-3 (Groundball, 6, EV 90.6 MPH)
|
| Top of the 3rd over - 1 run, 2 hits, 0 errors, 0 left on base; St. Cloud 1 - Aberdeen 1 |
| BOTTOM OF THE 3RD |
|
Aberdeen Pheasants batting - Pitching for St. Cloud Rox : RHP Lawrence Crews
|
|
Batting: RHB Greg Howe
|
0-0: Foul Ball, location: 2F 0-1: Foul Ball, location: 2F 0-2: Strikes out looking
|
|
Batting: LHB Robert McNair
|
0-0: Ball 1-0: Fly out, F6 (Flyball, 56D, EV 92.5 MPH)
|
|
Batting: LHB Rick Leach
|
0-0: Ball 1-0: Called Strike 1-1: SINGLE (Flyball, 8LS, EV 96.9 MPH)
|
|
Batting: RHB Harry McCulla
|
0-0: Called Strike 0-1: Fly out, F4 (Popup, 34, EV 53.8 MPH)
|
| Bottom of the 3rd over - 0 runs, 1 hit, 0 errors, 1 left on base; St. Cloud 1 - Aberdeen 1 |
| TOP OF THE 4TH |
|
St. Cloud Rox batting - Pitching for Aberdeen Pheasants : RHP Josh Seymour
|
|
Batting: SHB R J Reynolds
|
0-0: Ball 1-0: Ball 2-0: Called Strike 2-1: Foul Ball, location: 2F 2-2: Fly out, F8 (Flyball, 8RD, EV 102.5 MPH)
|
|
Batting: LHB Tim Flannery
|
0-0: SINGLE (Groundball, 56D, EV 101.9 MPH)
|
|
Batting: LHB Curtis Morgan
|
0-0: Called Strike Tim Flannery is caught stealing 2nd base 2-6 0-1: Ball 1-1: Swinging Strike 1-2: Ball 2-2: Ground out 4-3 (Groundball, 4, EV 101.3 MPH)
|
| Top of the 4th over - 0 runs, 1 hit, 0 errors, 0 left on base; St. Cloud 1 - Aberdeen 1 |
| BOTTOM OF THE 4TH |
|
Aberdeen Pheasants batting - Pitching for St. Cloud Rox : RHP Lawrence Crews
|
|
Batting: RHB Pedro Chavez
|
0-0: Ball 1-0: TRIPLE (Groundball, 5L, EV 106.9 MPH)
|
|
Batting: RHB Alejandro Luna
|
0-0: Ball 1-0: SINGLE (Groundball, 56D, EV 103.1 MPH) Pedro Chavez scores
|
|
Batting: RHB Armando Ramirez
|
0-0: Swinging Strike 0-1: Fly out, F7 (Flyball, 78D, EV 111.3 MPH)
|
|
Batting: RHB Diego Martinez
|
0-0: Fielders Choice at 2nd, 5-4 (Groundball, 56S, EV 86.3 MPH)
|
|
Batting: LHB Bob Porter
|
0-0: Ball 1-0: Ball Diego Martinez is caught stealing 2nd base 2-6
|
| Bottom of the 4th over - 1 run, 2 hits, 0 errors, 0 left on base; St. Cloud 1 - Aberdeen 2 |
| TOP OF THE 5TH |
|
St. Cloud Rox batting - Pitching for Aberdeen Pheasants : RHP Josh Seymour
|
|
Batting: RHB Ron Gooch
|
0-0: Ball 1-0: Ground out 6-3 (Groundball, 56, EV 85.0 MPH)
|
|
Batting: RHB Dennis Sherrill
|
0-0: Foul Ball, location: 2F 0-1: Foul Ball, location: 2LF, Error on foul ball, E2 0-2: Strikes out swinging
|
|
Batting: SHB Manny Galvez
|
0-0: Called Strike 0-1: Called Strike 0-2: Ball 1-2: Ball 2-2: Strikes out swinging
|
| Top of the 5th over - 0 runs, 0 hits, 1 error, 0 left on base; St. Cloud 1 - Aberdeen 2 |
| BOTTOM OF THE 5TH |
|
Aberdeen Pheasants batting - Pitching for St. Cloud Rox : RHP Lawrence Crews
|
|
Batting: LHB Bob Porter
|
0-0: Ball 1-0: Ground out 4-3 (Groundball, 4, EV 103.8 MPH)
|
|
Batting: RHB Greg Howe
|
0-0: Foul Ball, location: 2F 0-1: Ball 1-1: Foul Ball, location: 2F 1-2: Fly out, F3 (Popup, 34, EV 54.4 MPH)
|
|
Batting: LHB Robert McNair
|
0-0: Called Strike 0-1: Foul Ball, location: 2F 0-2: Foul Ball, location: 2F 0-2: Strikes out swinging
|
| Bottom of the 5th over - 0 runs, 0 hits, 0 errors, 0 left on base; St. Cloud 1 - Aberdeen 2 |
| TOP OF THE 6TH |
|
St. Cloud Rox batting - Pitching for Aberdeen Pheasants : RHP Josh Seymour
|
|
Batting: RHB Butch Benton
|
0-0: Ball 1-0: Swinging Strike 1-1: Ball 2-1: Ball 3-1: Foul Ball, location: 2F 3-2: Strikes out swinging
|
|
Batting: LHB Doran Perdue
|
0-0: Foul Ball, location: 2F 0-1: Ball 1-1: Ball 2-1: SINGLE (Groundball, 6MD, EV 102.5 MPH)
|
|
Batting: RHB Rich Velasquez
|
0-0: Ball 1-0: Called Strike 1-1: Foul Ball, location: 2F 1-2: Ball 2-2: Ball 3-2: Strikes out swinging
|
|
Batting: SHB R J Reynolds
|
0-0: Swinging Strike 0-1: Ball 1-1: Ball 2-1: Fly out, F8 (Flyball, 8LXD, EV 85.0 MPH)
|
| Top of the 6th over - 0 runs, 1 hit, 0 errors, 1 left on base; St. Cloud 1 - Aberdeen 2 |
| BOTTOM OF THE 6TH |
|
Aberdeen Pheasants batting - Pitching for St. Cloud Rox : RHP Lawrence Crews
|
|
Batting: LHB Rick Leach
|
0-0: Called Strike 0-1: Ball 1-1: Ball 2-1: Fly out, F7 (Line Drive, 7, EV 98.8 MPH)
|
|
Batting: RHB Harry McCulla
|
0-0: SINGLE (Groundball, 56D, EV 98.8 MPH)
|
|
Batting: RHB Pedro Chavez
|
0-0: Ground out 6-3 (Groundball, 56, EV 88.1 MPH) Harry McCulla to second
|
|
Batting: RHB Alejandro Luna
|
0-0: Swinging Strike 0-1: Foul Ball, location: 2F 0-2: Ball 1-2: Foul Ball, location: 2F 1-2: Fly out, F8 (Line Drive, 8RM, EV 92.5 MPH)
|
| Bottom of the 6th over - 0 runs, 1 hit, 0 errors, 1 left on base; St. Cloud 1 - Aberdeen 2 |
| TOP OF THE 7TH |
|
St. Cloud Rox batting - Pitching for Aberdeen Pheasants : RHP Josh Seymour
|
|
Batting: LHB Tim Flannery
|
0-0: Ball 1-0: Fly out, F4 (Flyball, 3D, EV 89.4 MPH)
|
|
Batting: LHB Curtis Morgan
|
0-0: Ball 1-0: Foul Ball, location: 2F 1-1: Ground out 4-3 (Groundball, 4, EV 92.5 MPH)
|
|
Batting: RHB Ron Gooch
|
0-0: Swinging Strike 0-1: Swinging Strike 0-2: Strikes out swinging
|
| Top of the 7th over - 0 runs, 0 hits, 0 errors, 0 left on base; St. Cloud 1 - Aberdeen 2 |
| BOTTOM OF THE 7TH |
|
Aberdeen Pheasants batting - Pitching for St. Cloud Rox : RHP Lawrence Crews
|
|
Batting: RHB Armando Ramirez
|
0-0: Swinging Strike 0-1: Foul Ball, location: 2F 0-2: Ball 1-2: Fly out, F7 (Flyball, 7S, EV 77.5 MPH)
|
|
Batting: RHB Diego Martinez
|
0-0: Called Strike 0-1: Fly out, F9 (Line Drive, 9, EV 92.5 MPH)
|
|
Batting: LHB Bob Porter
|
0-0: Fly out, F8 (Flyball, 8RD, EV 100.0 MPH)
|
| Bottom of the 7th over - 0 runs, 0 hits, 0 errors, 0 left on base; St. Cloud 1 - Aberdeen 2 |
| TOP OF THE 8TH |
|
St. Cloud Rox batting - Pitching for Aberdeen Pheasants : RHP Josh Seymour
|
|
Batting: RHB Dennis Sherrill
|
0-0: Ground out 6-3 (Groundball, 6, EV 81.9 MPH)
|
|
Batting: SHB Manny Galvez
|
0-0: SINGLE (Groundball, 56D, EV 93.8 MPH)
|
|
Pinch Hitting: RHB Domingos Maravilhas
|
0-0: Ball 1-0: Ball 2-0: DOUBLE (Line Drive, 78D, EV 113.8 MPH) Manny Galvez to third Runner from 3rd tries for Home, SAFE, no throw by CF
|
|
Batting: LHB Doran Perdue
|
0-0: Intentional Walk
|
|
Batting: RHB Rich Velasquez
|
0-0: Foul Ball, location: 2F 0-1: Ball 1-1: DOUBLE (Groundball, 5L, EV 93.8 MPH) Domingos Maravilhas scores Doran Perdue to third
|
|
Batting: SHB R J Reynolds
|
0-0: Intentional Walk
|
|
Batting: LHB Tim Flannery
|
0-0: Ball 1-0: Grounds into double play, 5-2-3 (Groundball, 56S, EV 72.5 MPH)
|
| Top of the 8th over - 2 runs, 3 hits, 0 errors, 2 left on base; St. Cloud 3 - Aberdeen 2 |
| BOTTOM OF THE 8TH |
|
Aberdeen Pheasants batting - Pitching for St. Cloud Rox : RHP Lawrence Crews
|
|
Now at C: Tony Castillo
|
|
|
Batting: RHB Greg Howe
|
0-0: Called Strike 0-1: SINGLE (Flyball, 7S, EV 97.5 MPH)
|
|
Batting: LHB Robert McNair
|
0-0: Foul Ball, location: 2F 0-1: Foul Ball, location: 2F 0-2: Ball 1-2: Ball 2-2: Fly out, F7 (Flyball, 78S, EV 93.1 MPH)
|
|
Batting: LHB Rick Leach
|
0-0: SINGLE (Line Drive, 89D, EV 105.0 MPH) Greg Howe to second
|
|
Pinch Hitting: SHB Stephen Moore
|
0-0: Ball 1-0: Foul Ball, location: 2F 1-1: Ball 2-1: Grounds into double play, 4-6-3 (Groundball, 34, EV 86.3 MPH)
|
| Bottom of the 8th over - 0 runs, 2 hits, 0 errors, 1 left on base; St. Cloud 3 - Aberdeen 2 |
| TOP OF THE 9TH |
|
St. Cloud Rox batting - Pitching for Aberdeen Pheasants : RHP Josh Seymour
|
|
Pitching: LHP Juan Contreras
|
|
|
Now at C: Thomas Masterson
|
|
|
Batting: LHB Curtis Morgan
|
0-0: Called Strike 0-1: Foul Ball, location: 2F 0-2: Ball 1-2: Strikes out swinging
|
|
Batting: RHB Ron Gooch
|
0-0: Ball 1-0: Called Strike 1-1: Swinging Strike 1-2: Ball 2-2: SINGLE (Flyball, 3D, EV 91.9 MPH)
|
|
Batting: RHB Dennis Sherrill
|
0-0: Ball 1-0: Swinging Strike 1-1: Swinging Strike 1-2: Ball 2-2: Fly out, F9 (Flyball, 89M, EV 83.1 MPH)
|
|
Batting: SHB Manny Galvez
|
0-0: Ball 1-0: Ball 2-0: DOUBLE (Line Drive, 89D, EV 110.6 MPH) Ron Gooch to third Runner from 3rd tries for Home, SAFE, throw by RF to trailing runner, SAFE at third!
|
|
Batting: RHB Tony Castillo
|
0-0: Fly out, F9 (Flyball, 9, EV 82.5 MPH)
|
| Top of the 9th over - 1 run, 2 hits, 0 errors, 1 left on base; St. Cloud 4 - Aberdeen 2 |
| BOTTOM OF THE 9TH |
|
Aberdeen Pheasants batting - Pitching for St. Cloud Rox : RHP Lawrence Crews
|
|
Pitching: RHP Mitch Zwolensky
|
|
|
Batting: RHB Pedro Chavez
|
0-0: Ball 1-0: Swinging Strike 1-1: SINGLE (Line Drive, 4MD, EV 103.1 MPH)
|
|
Pinch Hitting: LHB Sergio Leija
|
0-0: Ball 1-0: Ball 2-0: Foul Ball, location: 2F 2-1: Fielders Choice at 2nd, 6-4 (Groundball, 6MD, EV 101.9 MPH)
|
|
Pinch Hitting: RHB Mike R Fitzgerald
|
0-0: Foul Ball, location: 2F 0-1: Ball 1-1: DOUBLE (Flyball, 8RD, EV 93.1 MPH) Sergio Leija to third
|
|
Pinch Hitting: LHB Tim Thompson
|
0-0: Ball 1-0: 3-RUN HOME RUN (Flyball, 9LD, EV 105.0 MPH), Distance : 342 ft
|
| Bottom of the 9th over - 3 runs, 3 hits, 0 errors, 0 left on base; St. Cloud 4 - Aberdeen 5 |
|